[Event "Titled Tuesday Blitz December 06 Late 2022"]
[White "Boyer, Mahel"]
[Black "monkins"]
[WhiteFideId "45102422"]
[WhiteElo "2455"]
[BlackElo "2242"]
[Result "1-0"]
[Round "02"]
[TimeControl "180+1"]
[Date "2022.12.07"]
[WhiteClock "0:00:22"]
[BlackClock "0:00:01"]

1. e4 c6 2. d4 d5 3. Nd2 dxe4 4. Nxe4 Nf6 5. Bd3 Nxe4 6. Bxe4 Nd7 7. Ne2 Nf6 8. Bf3 Bf5 9. Ng3 Bg6 10. h4 h6 11. h5 Bh7 12. O-O e6 13. c3 Bd6 14. Ne2 Qc7 15. c4 O-O 16. c5 Be7 17. Bf4 Qd7 18. Ng3 Nd5 19. Be5 f6 20. Bd6 Bxd6 21. cxd6 Qxd6 22. Re1 Rfe8 23. Qb3 b6 24. Rac1 Rac8 25. Be4 Bxe4 26. Nxe4 Qf4 27. Qa3 Rc7 28. Qd6 Qxd6 29. Nxd6 Ree7 30. g3 Nb4 31. Rc4 a5 32. a3 Nd5 33. Rec1 Red7 34. Rxc6 Rxc6 35. Rxc6 Kf8 36. Nc4 Rb7 37. Rxe6 Kf7 38. Rd6 Nc7 39. Rd7+ Ke6 40. Rxg7 Ra7 41. Nxb6 Nb5 42. Rxa7 Nxa7 43. Nc4 Nc6 44. b4 Kd5 45. Nxa5 Nxd4 46. Kg2 Nc2 47. b5 Nxa3 48. b6 1-0


[Site "https://www.chess.com"]

[Event "Titled Tuesday Blitz December 06 Late 2022"]
[White "Burke, Paul"]
[Black "Koellner, Ruben Gideon"]
[WhiteFideId "2605767"]
[BlackFideId "12993093"]
[WhiteElo "1875"]
[BlackElo "2303"]
[Result "0-1"]
[Round "02"]
[TimeControl "180+1"]
[Date "2022.12.07"]
[WhiteClock "0:00:54"]
[BlackClock "0:01:47"]

1. e4 d6 2. Nc3 Nf6 3. g3 e5 4. Bg2 c5 5. Nge2 Nc6 6. O-O Be7 7. h3 O-O 8. Nd5 Nxd5 9. exd5 Nd4 10. c3 Nxe2+ 11. Qxe2 Bd7 12. f4 Bf6 13. d3 Qb6 14. Kh2 Rae8 15. Qc2 Bb5 16. c4 Bd7 17. Rb1 a5 18. b3 g6 19. Bb2 Qd8 20. fxe5 Bxe5 21. Bxe5 Rxe5 22. Rbe1 Qe7 23. Rxe5 Qxe5 24. Qf2 f5 25. Re1 Qf6 26. Re6 Bxe6 27. dxe6 Kg7 28. Bd5 Re8 29. Qe2 Qe5 30. Qf2 Rxe6 31. Bxe6 Qxe6 32. Qf3 Qf7 33. Qf4 Qe7 34. Qf3 h6 35. Kg2 Qd7 36. Qf4 g5 37. Qf3 Qc6 38. Qxc6 bxc6 39. Kf3 Kf6 40. h4 Ke5 41. hxg5 hxg5 42. Ke2 Kd4 0-1


[Site "https://www.chess.com"]

[Event "Titled Tuesday Blitz December 06 Late 2022"]
[White "Castellanos Gomez, Alejandro"]
[Black "Da Silva Junior, Sediney Mari"]
[WhiteFideId "22284141"]
[BlackFideId "2132079"]
[WhiteElo "2168"]
[BlackElo "1996"]
[Result "0-1"]
[Round "02"]
[TimeControl "180+1"]
[Date "2022.12.07"]
[WhiteClock "0:00:01"]
[BlackClock "0:01:04"]

1. d4 f5 2. g3 Nf6 3. Bg2 d6 4. c4 c6 5. Nf3 Qc7 6. d5 cxd5 7. cxd5 Nxd5 8. O-O Nf6 9. Nc3 Nc6 10. Nb5 Qb6 11. a4 a6 12. Be3 Qd8 13. Na3 d5 14. Rc1 e5 15. Rxc6 bxc6 16. Nxe5 Bxa3 17. bxa3 Qc7 18. Bf4 g5 19. Ng6 gxf4 20. Nxh8 Qg7 21. Qc1 Bd7 22. Qxf4 Qxh8 23. Rb1 Qf8 24. Rb7 Qxa3 25. Qe5+ Qe7 26. Qf4 Qxe2 27. Bf3 Qe7 28. Rb3 c5 29. Re3 Be6 30. Qe5 Kf7 31. Rb3 Nd7 32. Bh5+ Kg8 33. Qc7 d4 34. Rf3 Bd5 35. Rxf5 Qe1# 0-1


[Site "https://www.chess.com"]

[Event "Titled Tuesday Blitz December 06 Late 2022"]
[White "Corrales Jimenez, Fidel"]
[Black "Leenhouts, Koen"]
[WhiteFideId "3506690"]
[BlackFideId "1008439"]
[WhiteElo "2804"]
[BlackElo "2550"]
[Result "1-0"]
[Round "02"]
[TimeControl "180+1"]
[Date "2022.12.07"]
[WhiteClock "0:02:04"]
[BlackClock "0:00:14"]

1. e4 c5 2. d4 cxd4 3. Nf3 e6 4. Nxd4 Nc6 5. Nc3 Qc7 6. Be3 a6 7. Qf3 d6 8. O-O-O Bd7 9. Qg3 Rc8 10. h4 Nf6 11. h5 Nxe4 12. Nxe6 Bxe6 13. Nxe4 Ne5 14. Nc3 b5 15. f4 b4 16. fxe5 bxc3 17. b3 dxe5 18. Kb1 Qa5 19. Rh4 Rb8 20. h6 Bxb3 21. axb3 Qa3 22. Qxe5+ 1-0


[Site "https://www.chess.com"]

[Event "Titled Tuesday Blitz December 06 Late 2022"]
[White "Cuevas Araya, Walter"]
[Black "Rendle, Thomas E"]
[WhiteFideId "3405028"]
[BlackFideId "408760"]
[WhiteElo "1957"]
[BlackElo "2428"]
[Result "0-1"]
[Round "02"]
[TimeControl "180+1"]
[Date "2022.12.07"]
[WhiteClock "0:00:24"]
[BlackClock "0:00:17"]

1. e4 e6 2. d4 d5 3. Nd2 Be7 4. Ngf3 Nf6 5. Bd3 c5 6. exd5 Qxd5 7. O-O cxd4 8. Bc4 Qd6 9. Nb3 Nc6 10. Nbxd4 Nxd4 11. Nxd4 O-O 12. c3 Bd7 13. Bb3 a5 14. Qe2 a4 15. Bc2 Rfe8 16. Rd1 Qc7 17. Bg5 a3 18. b3 Qxc3 19. Rac1 Qa5 20. Bxf6 Bxf6 21. Nf3 Bc6 22. Be4 Bxe4 23. Qxe4 Qb5 24. g3 Rad8 25. h4 h6 26. Kg2 Rd7 27. Rxd7 Qxd7 28. Qb4 Bb2 29. Rc2 Rd8 30. Rd2 Qc8 31. Rxd8+ Qxd8 32. Qxb7 Qd3 33. Qa8+ Kh7 34. Qb7 Qf5 35. Qb4 Qb1 36. h5 Qf5 37. g4 Qd5 38. Qc4 Qb7 39. Qc2+ Kg8 40. g5 hxg5 41. Kg3 Bf6 42. h6 Qb8+ 43. Kg4 Qf4+ 44. Kh3 Qxf3+ 45. Kh2 Qh5+ 46. Kg1 Qxh6 47. Qc8+ Kh7 48. Qc2+ Qg6 49. Qc5 Qb1+ 50. Kg2 Qxa2 51. b4 Qd5+ 52. Qxd5 exd5 53. b5 Bd4 54. b6 Bxb6 55. f4 a2 56. fxg5 a1=Q 57. g6+ Kxg6 58. Kf3 Qc3+ 59. Ke2 Kf5 60. Kd1 Qb2 61. Ke1 Qc2 0-1


[Site "https://www.chess.com"]

[Event "Titled Tuesday Blitz December 06 Late 2022"]
[White "Curtis, John"]
[Black "Jaskolka, Tomasz"]
[WhiteFideId "3200256"]
[BlackFideId "1170791"]
[WhiteElo "2203"]
[BlackElo "2126"]
[Result "1-0"]
[Round "02"]
[TimeControl "180+1"]
[Date "2022.12.07"]
[WhiteClock "0:00:05"]
[BlackClock "0:00:08"]

1. d4 Nf6 2. c4 e6 3. Nc3 Bb4 4. Qc2 O-O 5. Nf3 d5 6. cxd5 exd5 7. Bg5 c6 8. e3 h6 9. Bxf6 Qxf6 10. Bd3 Be6 11. O-O Nd7 12. a3 Bd6 13. e4 dxe4 14. Nxe4 Qe7 15. Nxd6 Qxd6 16. Be4 Nf6 17. Bf5 Rad8 18. Bxe6 Qxe6 19. Rfe1 Qd6 20. Re2 Rfe8 21. Rae1 Rxe2 22. Rxe2 Nd5 23. g3 Qf6 24. Kg2 Nc7 25. Re4 Ne6 26. Qe2 Rd5 27. Qe3 Qd8 28. h4 Rf5 29. b4 Qd5 30. Kg1 Qa2 31. Kg2 Qb1 32. Nd2 Qa2 33. Nf3 Qd5 34. Kg1 g6 35. Kg2 Kh7 36. Kg1 Kg7 37. Ne5 Nxd4 38. Qxd4 Qxd4 39. Rxd4 Rxe5 40. Rd7 Rb5 41. Kg2 Kf6 42. Kf3 Ke6 43. Rc7 h5 44. g4 hxg4+ 45. Kxg4 a6 46. f4 Kf6 47. Rd7 a5 48. bxa5 Ke6 49. Rc7 f6 50. a6 Kd6 51. Rxb7 Ra5 52. a7 Rxa3 53. f5 Ra4+ 54. Kg3 gxf5 55. h5 Ke5 56. h6 f4+ 57. Kf2 Ra2+ 58. Kf3 Ra3+ 59. Kf2 Ke4 60. h7 Ra2+ 61. Ke1 Ra1+ 62. Kd2 Ra2+ 63. Kc3 f3 64. h8=Q Ra3+ 65. Kb2 Rd3 66. Qh4+ Ke3 67. a8=Q f2 68. Qe8+ Kd2 69. Qf4+ Kd1 70. Qxf2 Rd2+ 71. Qxd2+ Kxd2 72. Rd7# 1-0


[Site "https://www.chess.com"]

[Event "Titled Tuesday Blitz December 06 Late 2022"]
[White "D`Arruda, Ricardo D."]
[Black "Sailer, Mike"]
[WhiteFideId "100692"]
[BlackFideId "2012901"]
[WhiteElo "2463"]
[BlackElo "2109"]
[Result "1-0"]
[Round "02"]
[TimeControl "180+1"]
[Date "2022.12.07"]
[WhiteClock "0:00:29"]
[BlackClock "0:00:02"]

1. d4 d5 2. Nf3 Bf5 3. g3 e6 4. Bg2 Nf6 5. Nh4 Bg4 6. h3 Bh5 7. g4 Ne4 8. Nf3 Bg6 9. Ne5 Nd7 10. Nxg6 hxg6 11. Nd2 Nxd2 12. Bxd2 Be7 13. c3 c6 14. e4 dxe4 15. Bxe4 Nf6 16. Bg2 Nd5 17. c4 Nb4 18. Bc3 a5 19. a3 Na6 20. Qe2 Bg5 21. d5 cxd5 22. cxd5 O-O 23. dxe6 Re8 24. O-O Rxe6 25. Qb5 Nc7 26. Qxb7 Rb8 27. Qf3 Bf6 28. Rad1 Qe7 29. Rd2 Bxc3 30. Qxc3 Nb5 31. Qxa5 Nd6 32. Qc5 Qf6 33. b4 Ne4 34. Bxe4 Rxe4 35. Rfd1 Rbe8 36. Kg2 Qf4 37. Rd3 Kh7 38. Rf3 Qg5 39. Qxg5 1-0


[Site "https://www.chess.com"]

[Event "Titled Tuesday Blitz December 06 Late 2022"]
[White "Danielyan, Vahe"]
[Black "Drozdowski, Kacper"]
[WhiteFideId "13304828"]
[BlackFideId "1136720"]
[WhiteElo "2423"]
[BlackElo "2486"]
[Result "0-1"]
[Round "02"]
[TimeControl "180+1"]
[Date "2022.12.06"]
[WhiteClock "0:00:42"]
[BlackClock "0:00:52"]

1. e4 c5 2. Nc3 e6 3. g3 Nc6 4. Bg2 g6 5. Nge2 Bg7 6. d3 Nge7 7. h4 h5 8. Bg5 Nd4 9. Qd2 d6 10. a3 Qb6 11. O-O Bd7 12. Rab1 Nec6 13. Rfe1 Ne5 14. Nxd4 cxd4 15. Ne2 Rc8 16. c3 dxc3 17. bxc3 Qc7 18. d4 Ng4 19. e5 d5 20. Rec1 b5 21. Nf4 Bc6 22. Nd3 Nh6 23. Nc5 Nf5 24. Bf1 Qa5 25. Bf6 O-O 26. Qg5 Bh6 27. Nxe6 Bxg5 28. Nxg5 Bd7 29. Bg2 Be6 30. Bf1 a6 31. a4 Rxc3 32. Rd1 b4 33. Bh3 Rfc8 0-1


[Site "https://www.chess.com"]

[Event "Titled Tuesday Blitz December 06 Late 2022"]
[White "Darini, Pouria"]
[Black "Tworuszka, Michal"]
[WhiteFideId "12502200"]
[BlackFideId "1117858"]
[WhiteElo "2482"]
[BlackElo "2414"]
[Result "1/2-1/2"]
[Round "02"]
[TimeControl "180+1"]
[Date "2022.12.07"]
[WhiteClock "0:00:18"]
[BlackClock "0:00:08"]

1. d4 Nf6 2. c4 e6 3. Nc3 Bb4 4. f3 d5 5. a3 Be7 6. e4 dxe4 7. fxe4 c5 8. d5 exd5 9. exd5 O-O 10. Nf3 Bg4 11. Be2 Bd6 12. O-O Nbd7 13. Bg5 Qb8 14. h3 Bh5 15. Nh4 Bg6 16. Nf5 Bxf5 17. Rxf5 Re8 18. Bd3 Be5 19. Kh1 Bxc3 20. bxc3 Qg3 21. Bf4 Qh4 22. Kh2 Ne5 23. Bxe5 Rxe5 24. g3 Rxf5 25. gxh4 Rf2+ 26. Kg1 Rf4 27. Qe1 Re8 28. Qg3 Nh5 29. Qg5 g6 30. Rf1 f6 31. Qg2 Re3 32. Bxg6 Rg3 33. Qxg3 Rxf1+ 34. Kxf1 Nxg3+ 35. Kg2 Ne2 36. Bf5 Nxc3 37. d6 Kf8 38. Kf3 b5 39. cxb5 Nxb5 40. d7 Ke7 41. Kf4 Nxa3 42. Bxh7 Kxd7 43. h5 Ke7 44. h6 Kf8 45. Kf5 Nc4 46. Kxf6 Nd6 47. Bg6 Kg8 48. Ke6 Nb5 49. Kd5 Nc7+ 50. Kxc5 Kh8 51. Kd6 Nb5+ 52. Kd5 a5 53. Kc5 Nc7 54. Bf7 Ne8 55. Bxe8 Kh7 56. Kb5 Kxh6 57. h4 Kh7 58. Kxa5 Kh8 59. Kb5 Kh7 60. Kc5 Kh8 61. Kd5 Kh7 62. Ke5 Kh8 63. Kf5 Kh7 64. Kg5 Kh8 65. Bg6 Kg8 66. Kh5 Kh8 67. Kh6 Kg8 68. Bh7+ Kh8 69. Be4 Kg8 70. Kg6 Kh8 71. Bf3 Kg8 72. Kf6 Kh8 73. Kf7 Kh7 74. h5 Kh8 75. Kf8 Kh7 76. Kf7 Kh8 77. Kg6 Kg8 78. h6 Kh8 79. Bd5 1/2-1/2


[Site "https://www.chess.com"]

[Event "Titled Tuesday Blitz December 06 Late 2022"]
[White "Dimitrov, Atanas"]
[Black "Dias, Joao Batista"]
[WhiteFideId "2901315"]
[BlackFideId "2108240"]
[WhiteElo "2596"]
[BlackElo "1898"]
[Result "1-0"]
[Round "02"]
[TimeControl "180+1"]
[Date "2022.12.07"]
[WhiteClock "0:01:02"]
[BlackClock "0:00:07"]

1. e4 e5 2. Nc3 Nf6 3. f4 d6 4. fxe5 dxe5 5. Nf3 Bd6 6. Bc4 h6 7. d3 O-O 8. O-O Bg4 9. h3 Bh5 10. Be3 Nbd7 11. a3 a6 12. Qe1 Qe7 13. Nh4 Kh7 14. Nf5 Qd8 15. Qg3 Bg6 16. Rf2 Nh5 17. Qf3 Nf4 18. Nxd6 cxd6 19. Bxf4 exf4 20. Qxf4 f6 21. Qxd6 Ne5 22. Qxd8 Raxd8 23. Bb3 b5 24. Nd5 Rd6 25. Nf4 Bf7 26. Bxf7 Rxf7 27. Rd1 Rc7 28. Nd5 Rc5 29. Ne3 Rc7 30. Rfd2 Rcd7 31. Kf2 Kg6 32. d4 Nc4 33. Nxc4 bxc4 34. Ke3 Kf7 35. d5 Rb7 36. c3 Ke7 37. Kd4 Rc7 38. Re1 Rb6 39. e5 fxe5+ 40. Kxe5 Rcb7 41. Ree2 Kd8 42. d6 Kd7 43. Kd4 Rxd6+ 44. Kxc4 Rxd2 45. Rxd2+ Kc6 46. b4 Rf7 47. Re2 Rf6 48. a4 g5 49. Re5 Rf4+ 50. Kb3 Rf2 51. Re6+ Kb7 52. Rxh6 Rxg2 53. Kc4 Rg3 54. Kd4 Ka7 55. c4 Rf3 56. a5 Rb3 57. Kc5 Rf3 58. Rh7+ Kb8 59. b5 Rf5+ 60. Kb6 Rf6+ 61. Kc5 Rf5+ 62. Kb4 axb5 63. c5 Rf6 64. Kxb5 Rf8 65. Kb6 Rf1 66. Rh8+ 1-0


[Site "https://www.chess.com"]

[Event "Titled Tuesday Blitz December 06 Late 2022"]
[White "Dzierzak, Radoslaw"]
[Black "Harshavardhan G B"]
[WhiteFideId "1161407"]
[BlackFideId "25059009"]
[WhiteElo "2111"]
[BlackElo "2323"]
[Result "0-1"]
[Round "02"]
[TimeControl "180+1"]
[Date "2022.12.07"]
[WhiteClock "0:00:17"]
[BlackClock "0:00:45"]

1. e4 e5 2. Nf3 Nc6 3. Bc4 Nf6 4. d3 h6 5. O-O d6 6. c3 Qe7 7. a4 g5 8. Na3 Be6 9. Re1 Bg7 10. d4 Bxc4 11. Nxc4 Nd7 12. dxe5 dxe5 13. Ne3 Qe6 14. Nd5 O-O-O 15. a5 a6 16. Qa4 f5 17. b4 fxe4 18. b5 Nc5 19. Qa2 Qxd5 20. c4 Nb4 21. Qa3 Nc2 22. cxd5 Nxa3 23. Bxa3 exf3 24. Bxc5 Rxd5 25. Rac1 axb5 26. Bb6 Rd7 27. a6 bxa6 0-1


[Site "https://www.chess.com"]

[Event "Titled Tuesday Blitz December 06 Late 2022"]
[White "Ehlvest, Jaan"]
[Black "Rubio Tent, Francisco"]
[WhiteFideId "4500016"]
[BlackFideId "2238233"]
[WhiteElo "2430"]
[BlackElo "2211"]
[Result "1-0"]
[Round "02"]
[TimeControl "180+1"]
[Date "2022.12.07"]
[WhiteClock "0:00:44"]
[BlackClock "0:00:06"]

1. e4 c6 2. d4 d5 3. exd5 cxd5 4. Bd3 Nc6 5. c3 Qc7 6. h3 g6 7. Nf3 Bf5 8. Be2 h5 9. O-O Nf6 10. Re1 Bg7 11. Be3 O-O 12. Nbd2 Ne4 13. a4 Bf6 14. Nxe4 Bxe4 15. Ng5 Bf5 16. Bf3 Rad8 17. g4 hxg4 18. hxg4 Bc8 19. Kg2 Kg7 20. Qd2 Na5 21. Bf4 Qc6 22. Qe2 Nc4 23. Rh1 Rh8 24. b3 Na5 25. c4 Nxb3 26. Rxh8 Rxh8 27. Bxd5 Nxd4 28. Qd3 Qd7 29. f3 e6 30. Ne4 exd5 31. Nxf6 dxc4 32. Nxd7 cxd3 33. Be5+ f6 34. Bxf6+ Kg8 35. Bxd4 1-0


[Site "https://www.chess.com"]

[Event "Titled Tuesday Blitz December 06 Late 2022"]
[White "Eljanov, Pavel"]
[Black "Pinheiro, Iung Alicio de O."]
[WhiteFideId "14102951"]
[BlackFideId "2104350"]
[WhiteElo "2598"]
[BlackElo "2283"]
[Result "1-0"]
[Round "02"]
[TimeControl "180+1"]
[Date "2022.12.06"]
[WhiteClock "0:00:56"]
[BlackClock "0:00:04"]

1. e4 c6 2. d4 d5 3. exd5 cxd5 4. Bd3 Nc6 5. c3 Nf6 6. Bf4 Bg4 7. Qb3 Qd7 8. Nd2 e6 9. Ngf3 Bxf3 10. Nxf3 Bd6 11. Bxd6 Qxd6 12. O-O O-O 13. Rfe1 Qc7 14. Qc2 g6 15. Qd2 Kg7 16. h4 Rae8 17. Ne5 Nxe5 18. dxe5 Nd7 19. Qf4 Qb8 20. Bb5 Qd8 21. h5 f5 22. Re3 a6 23. Bxd7 Qxd7 24. Rh3 Rh8 25. Rd1 b5 26. Rdd3 Qe7 27. Rdg3 Reg8 28. Rg5 Kf7 29. Rhg3 gxh5 30. Qh4 Rxg5 31. Rxg5 Rg8 32. Qxh5+ Kf8 33. Qh6+ Rg7 34. Rxg7 Qxg7 35. Qxe6 Qg4 36. Qd6+ Ke8 37. Qxd5 Qf4 38. g3 Qc1+ 39. Kg2 1-0


[Site "https://www.chess.com"]

[Event "Titled Tuesday Blitz December 06 Late 2022"]
[White "Erzhanov, Arman"]
[Black "Rose, Felix"]
[WhiteFideId "4138821"]
[BlackFideId "5105722"]
[WhiteElo "2176"]
[BlackElo "2039"]
[Result "1/2-1/2"]
[Round "02"]
[TimeControl "180+1"]
[Date "2022.12.07"]
[WhiteClock "0:00:31"]
[BlackClock "0:00:38"]

1. e4 c5 2. Nf3 e6 3. b3 Nf6 4. e5 Nd5 5. Bb2 Nc6 6. g3 Be7 7. Bg2 O-O 8. O-O b5 9. a4 b4 10. d3 Bb7 11. Nbd2 d6 12. Nc4 Nxe5 13. Nfxe5 dxe5 14. Bxe5 Bf6 15. Re1 Bxe5 16. Nxe5 Nc3 17. Qg4 Bxg2 18. Kxg2 Rc8 19. Nc4 Qd5+ 20. Kg1 Rfd8 21. Re5 Qd4 22. Qxd4 Rxd4 23. a5 Rc6 24. a6 f6 25. Ree1 e5 26. Ra5 e4 27. dxe4 Nxe4 28. f3 Nd2 29. Re7 Nxc4 30. bxc4 Rxc4 31. Rxa7 Rxc2 32. Rb7 Rd6 33. Ra1 Rdd2 34. a7 Rg2+ 35. Kf1 Rgf2+ 36. Ke1 Rfe2+ 37. Kd1 Red2+ 38. Ke1 Re2+ 39. Kf1 Rf2+ 40. Ke1 Rfe2+ 1/2-1/2


[Site "https://www.chess.com"]

[Event "Titled Tuesday Blitz December 06 Late 2022"]
[White "Ezat, Mohamed"]
[Black "Dylag, Emilia"]
[WhiteFideId "10600906"]
[BlackFideId "21805172"]
[WhiteElo "2388"]
[BlackElo "1878"]
[Result "1-0"]
[Round "02"]
[TimeControl "180+1"]
[Date "2022.12.07"]
[WhiteClock "0:01:30"]
[BlackClock "0:01:58"]

1. d4 e6 2. c4 Nf6 3. Nc3 Bb4 4. e3 d5 5. a3 Bxc3+ 6. bxc3 O-O 7. cxd5 exd5 8. f3 c5 9. Bd3 b6 10. Ne2 Ba6 11. Bxa6 Nxa6 12. O-O Re8 13. Ng3 Qc7 14. Ra2 Rad8 15. Re2 Nb8 16. e4 dxe4 17. fxe4 cxd4 18. cxd4 Nc6 19. d5 Qe5 20. Bb2 Qg5 21. Bxf6 gxf6 22. Rf5 Qg4 23. Nh5 Rd6 24. h3 Qh4 25. Ref2 Ne5 26. R2f4 1-0


[Site "https://www.chess.com"]

[Event "Titled Tuesday Blitz December 06 Late 2022"]
[White "Fajdetic, Hrvoje"]
[Black "Sivakumar, Shaaketh"]
[WhiteFideId "14501945"]
[BlackFideId "30940176"]
[WhiteElo "2154"]
[BlackElo "2174"]
[Result "0-1"]
[Round "02"]
[TimeControl "180+1"]
[Date "2022.12.07"]
[WhiteClock "0:00:07"]
[BlackClock "0:00:49"]

1. d4 e6 2. Bf4 c5 3. e3 d5 4. Nc3 Nc6 5. Nb5 e5 6. dxe5 a6 7. Nd6+ Bxd6 8. exd6 Nf6 9. Nf3 O-O 10. Be2 Be6 11. O-O Nh5 12. Bg5 Qxd6 13. Nd2 f6 14. Bh4 g5 15. Bxh5 gxh4 16. Bg4 f5 17. Bh3 f4 18. Nc4 Qe7 19. Bxe6+ Qxe6 20. Nb6 Rad8 21. exf4 Nd4 22. Na4 h3 23. g3 Rxf4 24. Nxc5 Qc6 25. Nd3 Nf3+ 26. Kh1 Rf6 27. Nb4 Qc4 28. a3 Qe4 29. Qd3 Nd2+ 30. Qxe4 dxe4 31. Rad1 e3 32. Kg1 e2 33. Rfe1 Nf3+ 34. Kh1 Rxd1 0-1


[Site "https://www.chess.com"]

[Event "Titled Tuesday Blitz December 06 Late 2022"]
[White "Fernandez De La Vara, Arnaldo"]
[Black "Gutkin, Ilya"]
[WhiteFideId "3518388"]
[BlackFideId "16203470"]
[WhiteElo "2387"]
[BlackElo "2265"]
[Result "0-1"]
[Round "02"]
[TimeControl "180+1"]
[Date "2022.12.07"]
[WhiteClock "0:00:06"]
[BlackClock "0:00:07"]

1. e4 e6 2. Qe2 e5 3. Nf3 Nc6 4. Nc3 Nf6 5. g3 d6 6. h3 Be6 7. Bg2 h6 8. d3 Qd7 9. Be3 d5 10. d4 Nxe4 11. Nxe4 dxe4 12. Nxe5 Nxe5 13. dxe5 Qd5 14. Bf4 Bf5 15. O-O g5 16. Rad1 Qc6 17. Bc1 Bg7 18. f4 exf3 19. Bxf3 Qxc2 20. Qb5+ c6 21. Qxb7 O-O 22. Qxc6 Rac8 23. Qxc2 Rxc2 24. g4 Be6 25. Bd5 Bxe5 26. Bxe6 fxe6 27. Be3 Rxf1+ 28. Kxf1 Rxb2 29. Rd8+ Kf7 30. Rd7+ Kg6 31. Rxa7 Rh2 32. Ra6 Kf6 33. Bc5 Rxh3 34. Kf2 Rg3 35. Ra5 Rxg4 36. a3 Rc4 37. Ke2 Kf5 38. Bd6 Re4+ 39. Kf3 g4+ 40. Kf2 Kf4 41. Rxe5 Rxe5 42. a4 Ke4 43. Bxe5 Kxe5 44. a5 Kd6 45. Kg3 h5 46. a6 Kc6 47. a7 Kb7 48. a8=Q+ Kxa8 0-1


[Site "https://www.chess.com"]

[Event "Titled Tuesday Blitz December 06 Late 2022"]
[White "Floresvillar Gonzalez, Luis Migu"]
[Black "Tymrakiewicz, Rafal"]
[WhiteFideId "5100542"]
[BlackFideId "1108832"]
[WhiteElo "2040"]
[BlackElo "2139"]
[Result "0-1"]
[Round "02"]
[TimeControl "180+1"]
[Date "2022.12.07"]
[WhiteClock "0:00:02"]
[BlackClock "0:00:03"]

1. d4 e6 2. c3 c5 3. g3 cxd4 4. cxd4 d5 5. Nc3 Nc6 6. Bg2 f5 7. Nf3 Nf6 8. O-O Bd6 9. Bf4 a6 10. Ne5 Bxe5 11. Bxe5 Nxe5 12. dxe5 Nd7 13. f4 b5 14. e3 Bb7 15. Qh5+ g6 16. Qh6 Qe7 17. Bxd5 Bxd5 18. Nxd5 exd5 19. Rac1 Nc5 20. b4 Ne6 21. Rc6 Kf7 22. Rfc1 Rae8 23. Rxa6 Qxb4 24. Ra7+ Re7 25. Rxe7+ Qxe7 26. Rc6 Qb4 27. Rd6 Qe1+ 28. Kg2 Qe2+ 29. Kh3 Qh5+ 30. Qxh5 gxh5 31. Rxd5 Rb8 32. Kh4 Ke7 33. Kxh5 b4 34. Rd2 Rb6 35. Rb2 Nc5 36. Kg5 Ke6 37. Kh6 Rb7 38. h3 Ne4 39. g4 fxg4 40. hxg4 Kd5 41. g5 Ng3 42. g6 hxg6 43. Kxg6 Ke4 44. e6 Nf5 45. Rd2 Nxe3 46. Re2 Kf3 47. Rb2 Kxf4 48. Kf6 Nd5+ 49. Kg6 Ne7+ 50. Kf6 Nd5+ 51. Kg6 Re7 52. Rf2+ Ke3 53. Rf5 Rxe6+ 54. Kf7 Nc7 55. Rc5 Ra6 56. Rxc7 Rxa2 57. Rb7 Rb2 58. Ke6 Kd4 59. Kd6 Kc4 60. Kc6 Rd2 61. Kb6 b3 62. Ka5 Ra2+ 63. Kb6 b2 64. Kc6 Kc3 65. Kc5 Ra1 0-1


[Site "https://www.chess.com"]

[Event "Titled Tuesday Blitz December 06 Late 2022"]
[White "Freile Martin, Javier"]
[Black "Ozates, Tuna"]
[WhiteFideId "3600165"]
[BlackFideId "6354521"]
[WhiteElo "2319"]
[BlackElo "2151"]
[Result "1-0"]
[Round "02"]
[TimeControl "180+1"]
[Date "2022.12.07"]
[WhiteClock "0:01:01"]
[BlackClock "0:01:04"]

1. c4 Nf6 2. Nc3 e6 3. e4 d5 4. e5 d4 5. exf6 dxc3 6. bxc3 Qxf6 7. Nf3 h6 8. d4 Bd6 9. Bd3 O-O 10. O-O Nc6 11. Re1 Ne7 12. Rb1 b6 13. Be4 Rb8 14. c5 Bf4 15. Bxf4 Qxf4 16. Ne5 Rd8 17. g3 Qf6 18. Ng4 Qg5 19. h4 Qxg4 20. Qxg4 Nd5 21. Bxd5 Rxd5 22. Re5 Rd8 23. c6 Rd6 24. Qe4 b5 25. c4 b4 26. c5 Rd8 27. d5 a5 28. Qc4 exd5 29. Rxd5 Be6 30. Rxd8+ Rxd8 31. Qa6 Bxa2 32. Re1 Bd5 33. Qxa5 b3 34. Qxc7 Rf8 35. Qb6 1-0


[Site "https://www.chess.com"]

[Event "Titled Tuesday Blitz December 06 Late 2022"]
[White "Girel, Joseph"]
[Black "Figorito, Nick"]
[WhiteFideId "36033561"]
[BlackFideId "30923689"]
[WhiteElo "2281"]
[BlackElo "2392"]
[Result "1/2-1/2"]
[Round "02"]
[TimeControl "180+1"]
[Date "2022.12.07"]
[WhiteClock "0:00:27"]
[BlackClock "0:00:11"]

1. e4 e6 2. d4 d5 3. Nd2 Nf6 4. e5 Nfd7 5. f4 c5 6. c3 Nc6 7. Ndf3 Be7 8. Bd3 a5 9. Ne2 Qb6 10. O-O a4 11. a3 c4 12. Bc2 g6 13. Kh1 h5 14. g3 Qc7 15. h3 b5 16. Kg2 Bb7 17. g4 hxg4 18. hxg4 O-O-O 19. Be3 Na5 20. Ng3 Nb3 21. Rb1 Bc6 22. Qe2 Kb7 23. Rh1 Qb8 24. f5 gxf5 25. gxf5 Rdg8 26. f6 Rxh1 27. Rxh1 Nxf6 28. Bg5 Ne4 29. Bf4 Nxg3 30. Bxg3 Qf8 31. Qe3 Qg7 32. Qf4 Be8 33. Kf2 Bg5 34. Nxg5 Qxg5 35. Qxg5 Rxg5 36. Rh8 Bd7 37. Rf8 Rg7 38. Bf4 Kc7 39. Bh6 Rg4 40. Rxf7 Rh4 41. Bf4 Rh8 42. Bf5 Re8 43. Bg4 Kc8 44. Kg3 Na1 45. Bd1 Nb3 46. Bg5 Rg8 47. Kh4 Rh8+ 48. Bh5 Be8 49. Re7 Bxh5 50. Bf6 Re8 51. Ra7 Bg6 52. Kg5 Bf5 53. Kh6 Kb8 54. Rd7 Kc8 55. Ra7 Kb8 56. Rd7 Rc8 57. Be7 Re8 58. Bd6+ Kc8 59. Rc7+ Kd8 60. Ra7 Kc8 61. Kg7 Rd8 62. Kf6 Rd7 63. Ra8+ Kb7 64. Rb8+ Kc6 65. Rc8+ Kb7 66. Rb8+ Kc6 67. Be7 Rb7 68. Rc8+ Rc7 69. Rb8 Rb7 70. Rc8+ Rc7 71. Rb8 Rb7 1/2-1/2


[Site "https://www.chess.com"]

[Event "Titled Tuesday Blitz December 06 Late 2022"]
[White "Godzwon, Iwo"]
[Black "Gatterer, Florian"]
[WhiteFideId "21802483"]
[BlackFideId "811688"]
[WhiteElo "2284"]
[BlackElo "2218"]
[Result "0-1"]
[Round "02"]
[TimeControl "180+1"]
[Date "2022.12.07"]
[WhiteClock "0:00:03"]
[BlackClock "0:00:30"]

1. e4 e5 2. Nf3 Nc6 3. Bb5 Nf6 4. O-O Nxe4 5. Re1 Nd6 6. Nxe5 Nxe5 7. Nc3 Nxb5 8. Rxe5+ Be7 9. Nd5 d6 10. Rxe7+ Kf8 11. Re1 c6 12. Nf4 d5 13. d4 Nc7 14. b3 Ne6 15. Ba3+ Kg8 16. Nh5 Qg5 17. Ng3 g6 18. Bd6 Kg7 19. f4 Qd8 20. Ba3 f5 21. Qd2 Re8 22. Re5 Bd7 23. Rae1 Qf6 24. c3 h5 25. Rxf5 Qh4 26. Rxh5 Qxf4 27. Qxf4 Nxf4 28. Rhe5 Rxe5 29. Rxe5 Re8 30. Bd6 Nd3 31. Rxe8 Bxe8 32. Ba3 Nf4 33. Kf2 Ne6 34. Ke3 Bd7 35. Ne2 Kf7 36. Nc1 Ng5 37. Nd3 Bf5 38. Ne5+ Ke6 39. c4 Nf7 40. Nd3 Be4 41. g3 Ng5 42. Nc5+ Kf5 43. Bc1 Bb1 0-1


[Site "https://www.chess.com"]

[Event "Titled Tuesday Blitz December 06 Late 2022"]
[White "Goltsev, Dmitry"]
[Black "Droin, Augustin"]
[WhiteFideId "24176710"]
[BlackFideId "45105987"]
[WhiteElo "2764"]
[BlackElo "2546"]
[Result "1-0"]
[Round "02"]
[TimeControl "180+1"]
[Date "2022.12.07"]
[WhiteClock "0:00:50"]
[BlackClock "0:00:28"]

1. e4 c5 2. Nf3 d6 3. d4 cxd4 4. Nxd4 Nf6 5. Nc3 e5 6. Nb3 Be7 7. Be3 Be6 8. Be2 Nbd7 9. O-O a6 10. f4 b5 11. f5 Bc4 12. Bxc4 bxc4 13. Nd2 Rc8 14. g4 h6 15. h3 Nb6 16. Qe2 d5 17. exd5 Nbxd5 18. Nxd5 Qxd5 19. Rad1 O-O 20. Nf3 Qa5 21. g5 hxg5 22. Bxg5 e4 23. Nd4 Qxa2 24. c3 Qa5 25. Kh1 Rfd8 26. Rg1 Kf8 27. Qg2 Qd5 28. Ne6+ fxe6 29. Rxd5 exd5 30. Bh4 Ne8 31. Bxe7+ Kxe7 32. Qg5+ Kf8 33. h4 Rd6 34. h5 Rf6 35. Qf4 Rd8 36. Qe5 Rh6 37. Rg6 Rxh5+ 38. Kg2 Rd7 39. Rxa6 Rg5+ 40. Kh3 g6 41. Qh8+ Ke7 42. Qh7+ 1-0


[Site "https://www.chess.com"]